 Dungeon Crawl Stone Soup version 0.30-b1-2-g02819fbbbe (webtiles) character file.

Game seed: 1097550733676967403

1278 Borgoz the Slasher (level 8, 0/62 HPs)
             Began as a Human Gladiator on June 25, 2023.
             Succumbed to a water moccasin's poison
             ... on level 6 of the Dungeon.
             The game lasted 00:10:06 (5378 turns).

Borgoz the Slasher (Human Gladiator)                Turns: 5378, Time: 00:10:06

Health: 0/62       AC: -2    Str: 16    XL:     8   Next: 84%
Magic:  8/8        EV: 13    Int: 10    God:
Gold:   275        SH:  0    Dex: 14    Spells: 7/7 levels left

rFire   . . .        a - +0 scimitar
rCold   . . .        (no shield)
rNeg    . . .        q - +0 ring mail
rPois   .            r - +0 helmet
rElec   .            (no cloak)
rCorr   .            f - +0 pair of gloves
SInv    .            E - +0 pair of boots
Will    +....        t - amulet of the acrobat
Stlth   +            p - ring of willpower
HPRegen 0.30/turn    (no ring)
MPRegen 0.11/turn

%: acrobat
@: mighty, lethally poisoned (0 -> -5), corroded, studying Fighting, invisible
A: no striking features
a: no special abilities


You were on level 6 of the Dungeon.
You visited 1 branch of the dungeon, and saw 6 of its levels.
You also visited: Ossuary.

You collected 275 gold pieces.

Inventory:

Hand Weapons
 a - a +0 scimitar (weapon)
 b - a +0 dagger of venom
 y - a +0 long sword
Missiles
 e - a javelin (quivered)
 k - 6 poisoned darts
Armour
 f - a +0 pair of gloves (worn)
 n - a +0 chain mail
 q - a +0 ring mail (worn)
 r - a +0 helmet (worn)
 E - a +0 pair of boots (worn)
Jewellery
 m - an amulet of reflection
 o - a ring of magical power
 p - a ring of willpower (left hand)
 t - an amulet of the acrobat (around neck)
 F - an amulet of magic regeneration
Wands
 l - a wand of flame (4)
 v - a wand of mindburst (18)
 D - a wand of quicksilver (10)
Scrolls
 c - a scroll of blinking
 h - 4 scrolls of teleportation
 s - a scroll of fog
Potions
 i - 2 potions of flight
 j - 2 potions of curing
 u - a potion of brilliance
 w - a potion of magic
 x - a potion of cancellation
 z - a potion of heal wounds
 A - a potion of might
 B - 3 potions of attraction
 C - a potion of berserk rage


   Skills:
 + Level 5.3 Fighting
 * Level 7.0 Long Blades
 - Level 2.1 Throwing
 + Level 4.1 Armour
 + Level 5.4 Dodging


You had 7 spell levels left.
You didn't know any spells.
Your spell library contained the following spells:

 Spells                   Type           Power      Damage    Failure   Level
 Foxfire                  Conj/Fire      0%         2x1d4     56%         1
 Magic Dart               Conj           0%         1d3       56%         1
 Sandblast                Erth           0%         2d4       56%         1
 Passwall                 Tmut/Erth      0%         N/A       71%         2
 Poisonous Vapours        Pois/Air       0%         N/A       71%         2
 Searing Ray              Conj           0%         2d4       71%         2
 Mephitic Cloud           Conj/Pois/Air  0%         N/A       90%         3
 Stone Arrow              Conj/Erth      0%         3d7       90%         3
 Fulminant Prism          Conj/Hex       0%         3d5       100%        4
 Fireball                 Conj/Fire      0%         3d3       100%        5
 Freezing Cloud           Conj/Ice/Air   0%         6-21      100%        5
 Plasma Beam              Fire/Air       0%         2x1d11    100%        6
 Starburst                Conj/Fire      0%         6d3       100%        6


Dungeon Overview and Level Annotations

Branches:
Dungeon (6/15)            Ossuary (visited)
 Temple: D:4-7

Altars:
Gozag


Message History

The water moccasin closely misses you.
You miss the water moccasin.
The water moccasin is heavily wounded.
You feel very sick. The water moccasin barely misses you.
The water moccasin closely misses you.
You slash the water moccasin!
The water moccasin is severely wounded.
You feel sick. The water moccasin bites you!
You are more poisoned.
The water moccasin poisons you!
You catch the helpless water moccasin completely off-guard!
You hit the water moccasin but do no damage.
The water moccasin is severely wounded.
You feel very sick.
The water moccasin barely misses you. x2
You strike the helpless water moccasin from behind!
You slash the water moccasin!
You kill the water moccasin!
You feel very sick.
Your Long Blades skill increases to level 7!
Your Armour skill increases to level 4!
You slash the jelly! The acid corrodes you!
Your hands burn!
* * * LOW HITPOINT WARNING * * *
You punch the jelly, but do no damage.
The jelly is moderately wounded.
You feel sick. The jelly hits you.
* * * LOW HITPOINT WARNING * * *
You are splashed with acid.
* * * LOW HITPOINT WARNING * * *
Throw: throwing net
Press: ? - help, Q - select action, (/) - cycle Shift-Dir - straight line, f - jelly
Aim: a jelly (moderately wounded, 90% to hit)
You throw a throwing net. The throwing net hits the jelly.
The jelly is caught in the net!
The jelly is moderately wounded.
* * * LOW HITPOINT WARNING * * *
You feel sick.
The jelly struggles against the net.
You slash the jelly!
You kill the jelly!
You die...

...## . .. .?#.###.
.. .# #.....###.
..# #
#......#.###.#
#.#.....#.....##
#......#......#
##.....#.....#
#######(#...)..#
#.....@###.....#
...........###.#...
##.###....#...##
#.#.##.### #...##.#
#.#.##.# #.#.##.#
#.###.#.##.#
#..........#


There were no monsters in sight!

Vanquished Creatures
  Grinder (D:3)
  Menkaure (Ossuary)
  A water moccasin (D:6)
  An ice beast (D:5)
  A bullfrog (D:5)
  A scorpion (D:4)
  A howler monkey (D:5)
  3 jellies
  2 hounds
  2 iguanas
  Ijyb (D:4)
  Natasha (thrice) (D:4)
  An orc wizard (D:5)
  3 mummies (Ossuary)
  Robin (D:3)
  7 gnolls
  7 adders
  3 dart slugs
  2 worms (D:2)
  6 orcs (D:5)
  5 ball pythons
  6 endoplasms
  5 gnoll zombies (Ossuary)
  12 hobgoblins
  3 kobolds (D:2)
  3 quokkas
  4 bats
  2 frilled lizards
  5 gnoll skeletons (Ossuary)
  12 goblins (D:3)
  3 goblin skeletons (Ossuary)
  5 goblin zombies (Ossuary)
  6 hobgoblin skeletons (Ossuary)
  4 hobgoblin zombies (Ossuary)
  3 kobold skeletons (Ossuary)
  3 kobold zombies (Ossuary)
  4 orc skeletons (Ossuary)
  4 orc zombies (Ossuary)
  4 rat skeletons (Ossuary)
  4 rat zombies (Ossuary)
145 creatures vanquished.

Notes
Turn   | Place    | Note
-------+----------+-------------------------------------------
     0 | D:1      | Borgoz the Human Gladiator began the quest for the Orb.
     0 | D:1      | Reached XP level 1. HP: 16/16 MP: 1/1
   278 | D:1      | Found a faded altar of an unknown god.
   375 | D:1      | Reached XP level 2. HP: 22/22 MP: 2/2
   793 | D:2      | Reached XP level 3. HP: 15/28 MP: 3/3
   947 | D:2      | HP: 1/28 [gnoll/+0 club (5)]
  1103 | D:2      | Reached skill level 1 in Armour
  1103 | D:2      | Reached XP level 4. HP: 34/34 MP: 4/4
  1878 | D:3      | Noticed Grinder
  1900 | D:3      | Killed Grinder
  1901 | D:3      | Reached skill level 4 in Long Blades
  1901 | D:3      | Reached XP level 5. HP: 17/41 MP: 5/5
  1901 | D:3      | Reached XP level 6. HP: 20/47 MP: 6/6
  2281 | D:3      | Noticed Robin
  2294 | D:3      | Reached skill level 5 in Long Blades
  2309 | D:3      | Killed Robin
  2668 | D:4      | Reached XP level 7. HP: 45/52 MP: 7/7
  2733 | D:4      | Noticed Natasha
  2745 | D:4      | Killed Natasha
  2769 | D:4      | Noticed Natasha
  2780 | D:4      | Killed Natasha
  2940 | D:4      | Noticed Ijyb
  2946 | D:4      | Killed Ijyb
  2961 | D:4      | Found a sand-covered staircase.
  3050 | Ossuary  | Entered an ossuary
  3368 | Ossuary  | Noticed Menkaure
  3382 | Ossuary  | Killed Menkaure
  3383 | Ossuary  | Reached XP level 8. HP: 28/60 MP: 8/8
  3397 | Ossuary  | Reached skill level 6 in Long Blades
  4151 | D:4      | Noticed Natasha
  4152 | D:4      | Found an opulent altar of Gozag.
  4155 | D:4      | Killed Natasha
  4348 | D:5      | Entered Level 5 of the Dungeon
  4363 | D:5      | Reached skill level 5 in Dodging
  4932 | D:5      | Reached skill level 5 in Fighting
  5376 | D:6      | Reached skill level 7 in Long Blades
  5377 | D:6      | HP: 2/62 [poisoned by a water moccasin]
  5378 | D:6      | Succumbed to a water moccasin's poison

Illustrated notes

Levels and vault maps discovered:
D:1:      dpeg_arrival_rooms_b, layout_loops_ring, basic_ecumenical_altar
D:2:      layout_basic
D:3:      layout_basic, uniq_robin, uniq_grinder
D:4:      layout_loops_ring, mainiacjoe_overflow_alcove_4,
          nicolae_ossuary_entry_plus, minmay_manual_mail, uniq_ijyb,
          uniq_natasha
D:5:      layout_basic, nicolae_titane
D:6:      nicolae_BIG_FREAKIN_CUBE, layout_loops_corners, minmay_ruffians

Skill      XL: |  1  2  3  4  5  6  7  8 |
---------------+-------------------------+-----
Armour         | 1 2 3 4 |  4.1
Fighting       | 3 4 5 |  5.3
Long Blades    | 4 5 7 |  7.0
Dodging        | 4 5 |  5.4
Throwing       | |  2.1

Action                     |  1- 3 |  4- 6 |  7- 9 || total
---------------------------+-------+-------+-------++-------
  Melee: Long sword        |    61 |    22 |       ||    83
         Punch             |     1 |       |     9 ||    10
         Scimitar          |       |    99 |   316 ||   415
         Dagger            |       |       |    12 ||    12
  Throw: Throwing net      |     2 |     4 |     2 ||     8
         Dart              |     5 |     1 |     1 ||     7
         Javelin           |       |     1 |       ||     1
    Use: Scroll            |       |     8 |    11 ||    19
         Potion            |       |       |     5 ||     5
   Stab: Sleeping          |     2 |       |       ||     2
         Held in net/web   |       |     1 |       ||     1
         Invisible         |       |       |     2 ||     2
 Armour: Leather armour    |    15 |       |       ||    15
         Ring mail         |       |    46 |    99 ||   145
  Dodge: Dodged            |    32 |    65 |   230 ||   327
  Block: Other             |    12 |    26 |     4 ||    42
         Reflection        |       |     1 |       ||     1
